| TOP OF THE 1ST |
|
Bakersfield Bears batting - Pitching for San Jose Bees : RHP Doug Drabek
|
|
Pitching: RHP Doug Drabek
|
|
|
Batting: LHB Kevin Waller
|
0-0: Ball 1-0: Ball 2-0: Ground out 5-3 (Groundball, 56, EV 85.0 MPH)
|
|
Batting: RHB Jack Lopez
|
0-0: Called Strike 0-1: Ground out 4-3 (Groundball, 34, EV 102.5 MPH)
|
|
Batting: RHB Randy Kutcher
|
0-0: Swinging Strike 0-1: Foul Ball, location: 2F 0-2: Ball 1-2: Foul Ball, location: 2F 1-2: Foul Ball, location: 2F 1-2: DOUBLE (Line Drive, 9LS, EV 101.9 MPH)
|
|
Batting: LHB Gregory DeLaune
|
0-0: Ball 1-0: Ball 2-0: Ball 3-0: Called Strike 3-1: Swinging Strike 3-2: SINGLE (Line Drive, 8RS, EV 97.5 MPH) Randy Kutcher to third Randy Kutcher scores
|
|
Batting: LHB Danny Hernandez
|
0-0: Called Strike 0-1: Called Strike 0-2: Ball 1-2: Strikes out swinging
|
| Top of the 1st over - 1 run, 2 hits, 0 errors, 1 left on base; Bakersfield 1 - San Jose 0 |
| BOTTOM OF THE 1ST |
|
San Jose Bees batting - Pitching for Bakersfield Bears : RHP Pablo Gastelum
|
|
Pitching: RHP Pablo Gastelum
|
|
|
Batting: RHB Anthony Laurenzi
|
0-0: Fly out, F9 (Flyball, 89M, EV 87.5 MPH)
|
|
Batting: RHB Ron MacDonald
|
0-0: Ball 1-0: Ball 2-0: Called Strike 2-1: Ball 3-1: Base on Balls
|
|
Batting: LHB Stanley Davis
|
0-0: Called Strike 0-1: Ball 1-1: Swinging Strike 1-2: Fly out, F8 (Flyball, 8RD, EV 88.8 MPH)
|
|
Batting: RHB Tony Evans
|
0-0: Ball 1-0: Called Strike 1-1: Called Strike 1-2: Ball 2-2: Strikes out looking
|
| Bottom of the 1st over - 0 runs, 0 hits, 0 errors, 1 left on base; Bakersfield 1 - San Jose 0 |
| TOP OF THE 2ND |
|
Bakersfield Bears batting - Pitching for San Jose Bees : RHP Doug Drabek
|
|
Batting: RHB Antonio Alicea
|
0-0: SINGLE (Line Drive, 7LS, EV 108.1 MPH)
|
|
Batting: RHB Aaron Cain
|
0-0: SINGLE (Flyball, 56D, EV 92.5 MPH) Antonio Alicea to second
|
|
Batting: RHB Kalvin Adams
|
0-0: Ball 1-0: Ball 2-0: Ball 3-0: SINGLE (Groundball, 6MD, EV 98.1 MPH) Antonio Alicea to third Aaron Cain to second Runner from 3rd tries for Home, SAFE, throw by CF to home
|
|
Batting: LHB John Shoemaker
|
0-0: Ball 1-0: Ball 2-0: Fly out, F7 (Flyball, 78D, EV 91.3 MPH)
|
|
Batting: LHB Kevin Waller
|
0-0: Called Strike 0-1: Fielders Choice at 2nd, 3-6 (Groundball, 34, EV 83.8 MPH) Aaron Cain to third
|
|
Batting: RHB Jack Lopez
|
0-0: Swinging Strike 0-1: Ball 1-1: Fly out, F9 (Line Drive, 9D, EV 97.5 MPH)
|
| Top of the 2nd over - 1 run, 3 hits, 0 errors, 2 left on base; Bakersfield 2 - San Jose 0 |
| BOTTOM OF THE 2ND |
|
San Jose Bees batting - Pitching for Bakersfield Bears : RHP Pablo Gastelum
|
|
Batting: RHB Ray Torres
|
0-0: Fly out, F8 (Line Drive, 8LD, EV 94.4 MPH)
|
|
Batting: RHB Ricky McMullen
|
0-0: Ground out U3 (Groundball, 34, EV 103.1 MPH)
|
|
Batting: RHB Timothy Wallace
|
0-0: Ball 1-0: Ground out 6-3 (Groundball, 6, EV 101.3 MPH)
|
| Bottom of the 2nd over - 0 runs, 0 hits, 0 errors, 0 left on base; Bakersfield 2 - San Jose 0 |
| TOP OF THE 3RD |
|
Bakersfield Bears batting - Pitching for San Jose Bees : RHP Doug Drabek
|
|
Batting: RHB Randy Kutcher
|
0-0: Called Strike 0-1: Called Strike 0-2: Ball 1-2: Ball 2-2: Strikes out looking
|
|
Batting: LHB Gregory DeLaune
|
0-0: Ball 1-0: Fly out, F8 (Flyball, 8RS, EV 86.3 MPH)
|
|
Batting: LHB Danny Hernandez
|
0-0: Foul Ball, location: 2F 0-1: Ball 1-1: Ball 2-1: Ball 3-1: SINGLE (Line Drive, 78M, EV 92.5 MPH)
|
|
Batting: RHB Antonio Alicea
|
0-0: Fielders Choice at 2nd, 6-4 (Groundball, 6, EV 85.6 MPH)
|
| Top of the 3rd over - 0 runs, 1 hit, 0 errors, 1 left on base; Bakersfield 2 - San Jose 0 |
| BOTTOM OF THE 3RD |
|
San Jose Bees batting - Pitching for Bakersfield Bears : RHP Pablo Gastelum
|
|
Batting: LHB Dale Weaver
|
0-0: Ball 1-0: Foul Ball, location: 2F 1-1: Swinging Strike 1-2: Ground out U3 (Groundball, 3, EV 101.3 MPH)
|
|
Batting: RHB Bill Pinkham
|
0-0: Swinging Strike 0-1: Swinging Strike 0-2: Ball 1-2: Foul Ball, location: 2F 1-2: Strikes out looking
|
|
Batting: RHB Anthony Laurenzi
|
0-0: Ball 1-0: Called Strike 1-1: Ball 2-1: Called Strike 2-2: Foul Ball, location: 2F 2-2: Foul Ball, location: 2F 2-2: Ball 3-2: Foul Ball, location: 2F 3-2: Fly out, F8 (Line Drive, 8LM, EV 91.3 MPH)
|
| Bottom of the 3rd over - 0 runs, 0 hits, 0 errors, 0 left on base; Bakersfield 2 - San Jose 0 |
| TOP OF THE 4TH |
|
Bakersfield Bears batting - Pitching for San Jose Bees : RHP Doug Drabek
|
|
Batting: RHB Aaron Cain
|
0-0: Ball 1-0: Ground out 6-3 (Groundball, 6, EV 83.1 MPH)
|
|
Batting: RHB Kalvin Adams
|
0-0: Ball 1-0: Ground out 6-3 (Groundball, P, EV 88.1 MPH)
|
|
Batting: LHB John Shoemaker
|
0-0: Foul Ball, location: 2F 0-1: Ball 1-1: Ball 2-1: Called Strike 2-2: DOUBLE (Line Drive, 78D, EV 112.5 MPH)
|
|
Batting: LHB Kevin Waller
|
0-0: Ball 1-0: Called Strike 1-1: Swinging Strike 1-2: Foul Ball, location: 2F 1-2: Ball 2-2: Ball 3-2: Strikes out looking
|
| Top of the 4th over - 0 runs, 1 hit, 0 errors, 1 left on base; Bakersfield 2 - San Jose 0 |
| BOTTOM OF THE 4TH |
|
San Jose Bees batting - Pitching for Bakersfield Bears : RHP Pablo Gastelum
|
|
Batting: RHB Ron MacDonald
|
0-0: Ball 1-0: Ball 2-0: SINGLE (Groundball, 3D, EV 94.4 MPH)
|
|
Batting: LHB Stanley Davis
|
0-0: Foul Ball, location: 2F 0-1: Called Strike 0-2: Ball 1-2: Fly out, F8 (Flyball, 89M, EV 95.0 MPH)
|
|
Batting: RHB Tony Evans
|
0-0: Foul Ball, location: 2F 0-1: Ball 1-1: Foul Ball, location: 2F 1-2: Grounds into double play, 1-4-3 (Groundball, P, EV 65.0 MPH)
|
| Bottom of the 4th over - 0 runs, 1 hit, 0 errors, 0 left on base; Bakersfield 2 - San Jose 0 |
| TOP OF THE 5TH |
|
Bakersfield Bears batting - Pitching for San Jose Bees : RHP Doug Drabek
|
|
Batting: RHB Jack Lopez
|
0-0: Fly out, F9 (Flyball, 9S, EV 80.6 MPH)
|
|
Batting: RHB Randy Kutcher
|
0-0: Swinging Strike 0-1: Ball 1-1: Fly out, F2 (Popup, 3SF, EV 78.1 MPH)
|
|
Batting: LHB Gregory DeLaune
|
0-0: Called Strike 0-1: Ball 1-1: Ball 2-1: Called Strike 2-2: Strikes out swinging
|
| Top of the 5th over - 0 runs, 0 hits, 0 errors, 0 left on base; Bakersfield 2 - San Jose 0 |
| BOTTOM OF THE 5TH |
|
San Jose Bees batting - Pitching for Bakersfield Bears : RHP Pablo Gastelum
|
|
Batting: RHB Ray Torres
|
0-0: Called Strike 0-1: Swinging Strike 0-2: Ball 1-2: Foul Ball, location: 2F 1-2: Foul Ball, location: 2F 1-2: Ball 2-2: Ground out 6-3 (Groundball, 6, EV 85.0 MPH)
|
|
Batting: RHB Ricky McMullen
|
0-0: Called Strike 0-1: Ball 1-1: Ground out U3 (Groundball, 34, EV 86.9 MPH)
|
|
Batting: RHB Timothy Wallace
|
0-0: Called Strike 0-1: Fly out, F9 (Line Drive, 9, EV 92.5 MPH)
|
| Bottom of the 5th over - 0 runs, 0 hits, 0 errors, 0 left on base; Bakersfield 2 - San Jose 0 |
| TOP OF THE 6TH |
|
Bakersfield Bears batting - Pitching for San Jose Bees : RHP Doug Drabek
|
|
Batting: LHB Danny Hernandez
|
0-0: Ball 1-0: Called Strike 1-1: Foul Ball, location: 2F 1-2: Ball 2-2: Foul Ball, location: 2F 2-2: Ball 3-2: Foul Ball, location: 2F 3-2: Foul Ball, location: 2F 3-2: Base on Balls
|
|
Batting: RHB Antonio Alicea
|
0-0: Sac Bunt to 15 - play at first, batter OUT! 1-3 Danny Hernandez to second
|
|
Batting: RHB Aaron Cain
|
0-0: Ball 1-0: Foul Ball, location: 2F 1-1: Foul Ball, location: 2F 1-2: Ball 2-2: Ball 3-2: Base on Balls
|
|
Batting: RHB Kalvin Adams
|
0-0: Ball 1-0: Ball 2-0: SINGLE (Groundball, 56D, EV 98.1 MPH) Danny Hernandez to third Aaron Cain to second Runner from 3rd tries for Home, SAFE, throw by LF to home
|
|
Batting: LHB John Shoemaker
|
0-0: Ground out 5-3 (Groundball, 56S, EV 71.9 MPH) Aaron Cain to third Kalvin Adams to second
|
|
Batting: LHB Kevin Waller
|
0-0: Foul Ball, location: 2F 0-1: SINGLE (Groundball, 4M, EV 96.3 MPH) Aaron Cain scores Kalvin Adams to third Runner from 3rd tries for Home, throw by CF and OUT! 8-2
|
| Top of the 6th over - 2 runs, 2 hits, 0 errors, 1 left on base; Bakersfield 4 - San Jose 0 |
| BOTTOM OF THE 6TH |
|
San Jose Bees batting - Pitching for Bakersfield Bears : RHP Pablo Gastelum
|
|
Batting: LHB Dale Weaver
|
0-0: Called Strike 0-1: Fly out, F7 (Flyball, 7S, EV 83.8 MPH)
|
|
Batting: RHB Bill Pinkham
|
0-0: Called Strike 0-1: SINGLE (Groundball, 6D, EV 99.4 MPH)
|
|
Batting: RHB Anthony Laurenzi
|
0-0: Called Strike 0-1: Ball 1-1: Ball 2-1: Called Strike 2-2: Fly out, F8 (Flyball, 8RXD, EV 94.4 MPH)
|
|
Batting: RHB Ron MacDonald
|
0-0: Ball 1-0: Fly out, F9 (Flyball, 9D, EV 90.6 MPH)
|
| Bottom of the 6th over - 0 runs, 1 hit, 0 errors, 1 left on base; Bakersfield 4 - San Jose 0 |
| TOP OF THE 7TH |
|
Bakersfield Bears batting - Pitching for San Jose Bees : RHP Doug Drabek
|
|
Batting: RHB Jack Lopez
|
0-0: Called Strike 0-1: Foul Ball, location: 2F 0-2: Ball 1-2: Strikes out swinging
|
|
Batting: RHB Randy Kutcher
|
0-0: Called Strike 0-1: Ball 1-1: Swinging Strike 1-2: Ball 2-2: Ball 3-2: Fly out, F9 (Flyball, 9D, EV 89.4 MPH)
|
|
Batting: LHB Gregory DeLaune
|
0-0: Fly out, F7 (Flyball, 78S, EV 93.8 MPH)
|
| Top of the 7th over - 0 runs, 0 hits, 0 errors, 0 left on base; Bakersfield 4 - San Jose 0 |
| BOTTOM OF THE 7TH |
|
San Jose Bees batting - Pitching for Bakersfield Bears : RHP Pablo Gastelum
|
|
Batting: LHB Stanley Davis
|
0-0: Ball 1-0: Ground out 6-3 (Groundball, 6, EV 87.5 MPH)
|
|
Batting: RHB Tony Evans
|
0-0: Ball 1-0: SINGLE (Groundball, 34D, EV 109.4 MPH)
|
|
Batting: RHB Ray Torres
|
0-0: Called Strike 0-1: Ball 1-1: Grounds into double play, 4-6-3 (Groundball, 4, EV 108.8 MPH)
|
| Bottom of the 7th over - 0 runs, 1 hit, 0 errors, 0 left on base; Bakersfield 4 - San Jose 0 |
| TOP OF THE 8TH |
|
Bakersfield Bears batting - Pitching for San Jose Bees : RHP Doug Drabek
|
|
Batting: LHB Danny Hernandez
|
0-0: Swinging Strike 0-1: Ball 1-1: Ball 2-1: Swinging Strike 2-2: DOUBLE (Line Drive, 5D, EV 94.4 MPH)
|
|
Batting: RHB Antonio Alicea
|
0-0: Ball 1-0: Bunt missed! 1-1: Bunt missed! 1-2: Ball 2-2: Fly out, F8 (Flyball, 8RD, EV 90.0 MPH)
|
|
Batting: RHB Aaron Cain
|
0-0: Called Strike 0-1: Swinging Strike 0-2: Ball 1-2: Fly out, F9 (Flyball, 89M, EV 93.8 MPH)
|
|
Batting: RHB Kalvin Adams
|
0-0: Ground out 6-3 (Groundball, 6, EV 78.1 MPH)
|
| Top of the 8th over - 0 runs, 1 hit, 0 errors, 1 left on base; Bakersfield 4 - San Jose 0 |
| BOTTOM OF THE 8TH |
|
San Jose Bees batting - Pitching for Bakersfield Bears : RHP Pablo Gastelum
|
|
Batting: RHB Ricky McMullen
|
0-0: Ball 1-0: Foul Ball, location: 2F 1-1: Ball 2-1: Ball 3-1: Base on Balls
|
|
Batting: RHB Timothy Wallace
|
0-0: Ball 1-0: Ball 2-0: Foul Ball, location: 2F 2-1: Foul Ball, location: 2F 2-2: Ground out 6-3 (Groundball, 6S, EV 66.9 MPH) Ricky McMullen to second
|
|
Batting: LHB Dale Weaver
|
0-0: Ball 1-0: Ball 2-0: Ball 3-0: Called Strike 3-1: Base on Balls
|
|
Batting: RHB Bill Pinkham
|
0-0: Called Strike 0-1: Called Strike 0-2: Ball 1-2: Ball 2-2: Grounds into double play, 5-4-3 (Groundball, 56, EV 83.8 MPH)
|
| Bottom of the 8th over - 0 runs, 0 hits, 0 errors, 1 left on base; Bakersfield 4 - San Jose 0 |
| TOP OF THE 9TH |
|
Bakersfield Bears batting - Pitching for San Jose Bees : RHP Doug Drabek
|
|
Batting: LHB John Shoemaker
|
0-0: Swinging Strike 0-1: Foul Ball, location: 2F 0-2: Ball 1-2: Ground out 6-3 (Groundball, 6, EV 81.9 MPH)
|
|
Batting: LHB Kevin Waller
|
0-0: Called Strike 0-1: Foul Ball, location: 2F 0-2: Ball 1-2: Ground out 3-1 (Groundball, 34S, EV 86.3 MPH)
|
|
Batting: RHB Jack Lopez
|
0-0: Swinging Strike 0-1: Swinging Strike 0-2: Ground out 6-3 (Groundball, 6, EV 102.5 MPH)
|
| Top of the 9th over - 0 runs, 0 hits, 0 errors, 0 left on base; Bakersfield 4 - San Jose 0 |
| BOTTOM OF THE 9TH |
|
San Jose Bees batting - Pitching for Bakersfield Bears : RHP Pablo Gastelum
|
|
Batting: RHB Anthony Laurenzi
|
0-0: Called Strike 0-1: Ball 1-1: Called Strike 1-2: Foul Ball, location: 2F 1-2: Fly out, F9 (Flyball, 9S, EV 75.6 MPH)
|
|
Batting: RHB Ron MacDonald
|
0-0: Called Strike 0-1: Foul Ball, location: 2F 0-2: Foul Ball, location: 2F 0-2: Foul Ball, location: 2F 0-2: Foul Ball, location: 2F 0-2: SINGLE (Flyball, 4MD, EV 93.1 MPH)
|
|
Batting: LHB Stanley Davis
|
0-0: Called Strike 0-1: Swinging Strike 0-2: Ball 1-2: Foul Ball, location: 2F 1-2: Ball 2-2: Foul Ball, location: 2F 2-2: Foul Ball, location: 2F 2-2: Foul Ball, location: 2F 2-2: 2-RUN HOME RUN (Flyball, 89XD, EV 106.3 MPH), Distance : 412 ft
|
|
Batting: RHB Tony Evans
|
0-0: Called Strike 0-1: Ball 1-1: Ball 2-1: Ball 3-1: Base on Balls
|
|
Pitching: RHP Marc Campbell
|
|
|
Batting: RHB Ray Torres
|
0-0: Ball 1-0: Ball 2-0: DOUBLE (Groundball, 5L, EV 101.3 MPH) Tony Evans to third
|
|
Batting: RHB Ricky McMullen
|
0-0: Foul Ball, location: 2F 0-1: Swinging Strike 0-2: Ground out 6-3 (Groundball, 6MS, EV 75.6 MPH) Tony Evans scores Ray Torres to third
|
|
Batting: RHB Timothy Wallace
|
0-0: Ball 1-0: Foul Ball, location: 2F 1-1: Foul Ball, location: 2F 1-2: Ball 2-2: Foul Ball, location: 2F 2-2: Ball 3-2: Strikes out swinging
|
| Bottom of the 9th over - 3 runs, 3 hits, 0 errors, 1 left on base; Bakersfield 4 - San Jose 3 |
|